 Dungeon Crawl Stone Soup version 0.17-b1-25-g6d8775f (webtiles) character file.

241 M4edhros the Sneak (level 6, -3/38 HPs)
             Began as an Octopode Artificer on Nov 5, 2015.
             Was an Initiate of Okawaru.
             Killed from afar by M4edhros's ghost (6 damage)
             ... with a magic dart
             ... on level 4 of the Dungeon.
             The game lasted 00:05:19 (2835 turns).

M4edhros the Sneak (Octopode Artificer)             Turns: 2835, Time: 00:05:19

Health: -3/38      AC:  1    Str: 10    XL:     6   Next: 8%
Magic:  9/9        EV: 10    Int: 15    God:    Okawaru [......]
Gold:   151        SH:  0    Dex: 14    Spells: 0 memorised, 5 levels left

rFire  . . .     SeeInvis .     p - +1 dagger (venom)
rCold  . . .     Clarity  .     (no shield)
rNeg   . . .     SustAt   .     (helmet restricted)
rPois  .         Gourm    .     (no amulet)
rElec  .         Spirit   .     n - +3 ring of evasion
rCorr  .         Warding  .     (no ring)
rMut   .         Stasis   .     (no ring)
MR     .....                    (no ring)
Stlth  +++++.....               (no ring)
                                (no ring)
                                (no ring)
                                (no ring)

@: not resistant to hostile enchantments, quite stealthy
A: almost no armour, amphibious, 8 rings, constrict 8, camouflage 1, gelatinous
body 1
a: Renounce Religion


You were on level 4 of the Dungeon.
You worshipped Okawaru.
Okawaru was noncommittal.
You were not hungry.

You visited 1 branch of the dungeon, and saw 4 of its levels.

You collected 151 gold pieces.

Inventory:

Hand Weapons
 a - a +0 short sword
 k - a +0 trident
 p - a +1 dagger of venom (weapon)
 s - a +1 falchion of slicing
Missiles
 m - 12 sling bullets
Jewellery
 n - a +3 ring of evasion (left tentacle)
Wands
 b - a wand of flame (11)
 c - a wand of enslavement (13)
 d - a wand of random effects (11)
Scrolls
 f - 4 scrolls of identify
 h - 2 scrolls of random uselessness
 i - a scroll of remove curse {unknown}
 l - 3 scrolls of enchant armour {unknown}
 r - a scroll of fog {unknown}
 w - a scroll of recharging {unknown}
Potions
 g - 2 potions of brilliance {unknown}
 q - a potion of flight {unknown}
 u - a potion of haste
 x - a potion of cure mutation {unknown}
Comestibles
 e - 3 bread rations
 j - 5 meat rations
 o - a slice of pizza
 v - 3 fruits


   Skills:
 - Level 1.0 Fighting
 + Level 1.8 Short Blades
 - Level 2.0 Dodging
 * Level 6.8 Stealth
 + Level 4.6 Evocations


You had 5 spell levels left.
You didn't know any spells.

Dungeon Overview and Level Annotations

Branches:
Dungeon (4/15)             Temple (0/1) D:4

Altars:
Cheibriados
Elyvilon
Okawaru

Annotations:
D:4 M4edhros's ghost, amateur OpWn


Innate Abilities, Weirdness & Mutations

You cannot wear most types of armour.
You are amphibious.
You can wear up to eight rings at the same time.
You can use your tentacles to constrict eight enemies at once.
Your skin changes colour to match your surroundings (Stealth).
Your rubbery body absorbs attacks (AC +1).


Message History

Found a staircase to the Ecumenical Temple.
There are monsters nearby!
M4edhros's ghost turns its malevolent gaze towards you.
M4edhros's ghost casts a spell at you. The magic dart hits you!
M4edhros's ghost casts a spell at you. The magic dart hits you!
M4edhros's ghost stares at you and mumbles some strange words.
The magic dart hits you! M4edhros's ghost casts a spell at you.
The magic dart hits you!
* * * LOW HITPOINT WARNING * * *
M4edhros's ghost casts a spell at you. The magic dart hits you!
* * * LOW HITPOINT WARNING * * *
You see here a pair of boots.
There is a stone staircase leading up here.
M4edhros's ghost stares at you and mumbles some strange words.
The magic dart hits you!
You die...

#. # #. #. #. #.
#.############## #.
#..............#
#.#..####.######.#
##...# #.# #.#
##...@####.#### #.#
#...†.......W.# #.#
#.##.....##.##.###.#
.........##.[......#
#####....##........#
#.......##.###W#
#+#####.##.# #.#
#.##.###.#
#.##..##.#


You could see M4edhros's ghost.

Vanquished Creatures
  An orc priest (D:3)
  Natasha (thrice) (D:2)
  10 adders
  2 worms
  3 giant geckos
  5 orcs (D:3)
  8 bats
  2 giant cockroaches
  12 hobgoblins
  6 jackals
  3 giant newts
  7 goblins
  8 kobolds
  11 rats
81 creatures vanquished.

Vanquished Creatures (collateral kills)
  An orc (D:2)
1 creature vanquished.

Vanquished Creatures (others)
  An adder (D:2)
  A giant cockroach (D:1)
2 creatures vanquished.

Grand Total: 84 creatures vanquished

Notes
Turn   | Place    | Note
--------------------------------------------------------------
     0 | D:1      | M4edhros the Octopode Artificer began the quest for the Orb.
     0 | D:1      | Reached XP level 1. HP: 13/13 MP: 3/3
    60 | D:1      | Reached XP level 2. HP: 2/18 MP: 4/4
   927 | D:2      | Noticed Natasha
   930 | D:2      | Killed Natasha
   930 | D:2      | Reached skill level 4 in Stealth
   930 | D:2      | Reached XP level 3. HP: 23/23 MP: 5/5
   998 | D:2      | Noticed Natasha
  1026 | D:2      | Killed Natasha
  1026 | D:2      | Reached XP level 4. HP: 17/28 MP: 6/6
  1081 | D:3      | Found an iron altar of Okawaru.
  1086 | D:3      | Became a worshipper of Warmaster Okawaru
  1132 | D:2      | Reached skill level 5 in Stealth
  1668 | D:2      | Noticed Natasha
  1678 | D:2      | Killed Natasha
  1738 | D:2      | Reached XP level 5. HP: 33/33 MP: 8/8
  1919 | D:2      | Reached skill level 6 in Stealth
  1943 | D:3      | Found a snail-covered altar of Cheibriados.
  2287 | D:3      | Found a white marble altar of Elyvilon.
  2669 | D:3      | Reached XP level 6. HP: 33/38 MP: 9/9
  2797 | D:4      | Noticed M4edhros's ghost (amateur OpWn)
  2798 | D:4      | Found a staircase to the Ecumenical Temple.
  2823 | D:4      | HP: 1/38 [M4edhros's ghost/magic dart (6)]
  2835 | D:4      | Killed from afar by M4edhros's ghost

Action                   |  1- 3 |  4- 6 || total
-------------------------+-------+-------++-------
Melee: Short sword       |    38 |    10 ||    48
       Dagger            |       |    89 ||    89
       Trident           |       |    11 ||    11
Evoke: Wand              |     8 |     2 ||    10
  Use: Potion            |     3 |       ||     3
       Scroll            |     2 |       ||     2
 Stab: Sleeping          |     3 |    14 ||    17
       Paralysed         |     1 |       ||     1
       Distracted        |       |     2 ||     2
  Eat: Chunk             |       |     6 ||     6
